 Dungeon Crawl Stone Soup version 0.27-a0-1545-g3eddc1d3d3 (webtiles) character file.

Game seed: 15534719408143428070

206 Kinoniko the Shield-Bearer (level 6, -1/47 HPs)
             Began as a Formicid Fighter on July 13, 2021.
             Slain by a gnoll (6 damage)
             ... on level 2 of the Dungeon.
             The game lasted 00:01:11 (1318 turns).

Kinoniko the Shield-Bearer (Formicid Fighter)       Turns: 1318, Time: 00:01:11

Health: -1/47      AC:  6    Str: 22    XL:     6   Next: 10%
Magic:  6/6        EV:  8    Int:  8    God:
Gold:   143        SH: 10    Dex: 10    Spells: 5/5 levels left

rFire    . . .     SeeInvis +   a - +0 war axe
rCold    . . .     Faith    .   c - +0 kite shield
rNeg     . . .     Spirit   .   b - +0 scale mail
rPois    .         Reflect  .   (helmet unavailable)
rElec    .         Harm     .   (no cloak)
rCorr    .         Rampage  .   (no gloves)
Will     .....                  (no boots)
Stlth    ..........             (no amulet)
HPRegen  0.15/turn              (no ring)
MPRegen  0.10/turn              (no ring)

@: no status effects
A: permanent stasis, dig shafts and tunnels, antennae 3, four strong arms
a: Dig, Shaft Self


You were on level 2 of the Dungeon.
You visited 1 branch of the dungeon, and saw 2 of its levels.

You collected 143 gold pieces.

Inventory:

Hand Weapons
 a - a +0 war axe (weapon)
Armour
 b - a +0 scale mail (worn)
 c - a +0 kite shield (worn)
Scrolls
 d - a scroll of magic mapping {unknown}
 f - a scroll of summoning {unknown}
 g - a scroll of enchant weapon {unknown}
 h - a scroll of noise {unknown}
 i - a scroll of fear {unknown}
Potions
 e - 2 potions of brilliance {unknown}


   Skills:
 - Level 3.3 Fighting
 * Level 4.9 Axes
 - Level 3.3 Armour
 + Level 5.2 Shields


You had 5 spell levels left.
You didn't know any spells.
Your spell library was empty.

Dungeon Overview and Level Annotations

Branches:
Dungeon (2/15)

Altars:


Innate Abilities, Weirdness & Mutations

You cannot be hasted, slowed, berserked, paralysed or teleported.
You can dig through walls and to a lower floor.
You have a pair of large antennae on your head. (SInv)
Your four strong arms can wield two-handed weapons with a shield.


Message History

No target in view!
No target in view!
No target in view!
No target in view!
No target in view!
No target in view!
You see here a frilled lizard corpse.
You sense a monster nearby.
A gnoll comes into view. It is wielding a +0 halberd.
The gnoll shouts!
You hear a shout! 3 gnolls come into view.
A gnoll is wielding a +0 flail of distortion.
The gnoll shouts! x2
The gnoll moves out of view.
Okay, then.
Okay, then.
You block the gnoll's attack.
Okay, then.
Okay, then.
The gnoll hits you with a +0 halberd!
You closely miss the gnoll. You slash the gnoll!
The gnoll is heavily wounded.
The gnoll barely misses you.
The gnoll hits you with a +0 flail of distortion.
Space bends around you.
You barely miss the gnoll.
The gnoll is heavily wounded.
The gnoll hits you with a +0 flail of distortion!
Space bends around you. You block the gnoll's attack. x2
The gnoll hits you from afar with a +0 halberd.
* * * LOW HITPOINT WARNING * * *
Unknown command.
You slash the gnoll!
You kill the gnoll!
The gnoll hits you from afar with a +0 halberd!
* * * LOW HITPOINT WARNING * * *
Unknown command.
The gnoll hits you with a +0 halberd.
You die...

#################
.................
.................
#########.#############
#.#...........#
#.#.####.####.#
#.#.†..#.# { .#
#.####.####.#.#{ .#
#...........#@# ##
#############g#


gg. ..... # ....... # ......... ## ........... .. ............. # You could see
3 gnolls.

Vanquished Creatures
  Sigmund (D:2)
  A gnoll (D:2)
  4 endoplasms
  A giant cockroach (D:2)
  2 goblins
  A hobgoblin (D:1)
  7 jackals
  4 kobolds
  A quokka (D:1)
  7 ball pythons
  2 bats (D:1)
  3 frilled lizards
  2 rats
36 creatures vanquished.

Vanquished Creatures (others)
  3 toadstools (D:1)
3 creatures vanquished.

Grand Total: 39 creatures vanquished

Notes
Turn   | Place    | Note
-------+----------+-------------------------------------------
     0 | D:1      | Kinoniko the Formicid Fighter began the quest for the Orb.
     0 | D:1      | Reached XP level 1. HP: 18/18 MP: 1/1
   161 | D:1      | Reached XP level 2. HP: 24/24 MP: 2/2
   523 | D:1      | Reached skill level 4 in Shields
   598 | D:1      | Reached XP level 3. HP: 29/29 MP: 3/3
   864 | D:2      | Noticed Sigmund
   876 | D:2      | Killed Sigmund
   877 | D:2      | Reached skill level 5 in Shields
   877 | D:2      | Reached XP level 4. HP: 6/35 MP: 4/4
   877 | D:2      | Reached XP level 5. HP: 7/41 MP: 5/5
  1156 | D:2      | Reached XP level 6. HP: 38/47 MP: 6/6
  1318 | D:2      | Slain by a gnoll

Illustrated notes

Levels and vault maps discovered:
D:1:      lemuel_arrival_hallway, layout_rooms, minivault_24,
          minmay_misc_feat_x, minmay_gold_behind_fungi, minmay_crystal_room,
          kennysheep_decorative_pillar
D:2:      layout_basic, ebering_ecumenical_altar_mist, roderic_lattice_a,
          minmay_door_square, uniq_sigmund, uniq_terence

Skill      XL: |  1  2  3 |
---------------+----------+-----
Shields        | 4 5 |  5.2
Axes           | 4 |  4.9
Fighting       | |  3.3
Armour         | |  3.3

Action                   |  1- 3 |  4- 6 || total
-------------------------+-------+-------++-------
Melee: War axe           |    78 |    20 ||    98
  Use: Potion            |     1 |       ||     1
Armor: Scale mail        |    34 |     8 ||    42
Dodge: Dodged            |    30 |     8 ||    38
Block: Kite shield       |    50 |    14 ||    64

Table legend: (Time is in decaauts)
 A = Elapsed time spent in this place.
 B = Non-inter-level travel time spent in this place.
 C = Inter-level travel time spent in this place.
 D = Time resting spent in this place.
 E = Time spent auto-exploring this place.
 F = Levels seen in this place.
 G = Mean time per level.
                   A        B        C        D        E       F      G
               +--------+--------+--------+--------+--------+-----+--------+
         Total |   1369 |   1332 |     37 |    256 |    830 |   2 |  684.5 |
       Dungeon |   1369 |   1332 |     37 |    256 |    830 |   2 |  684.5 |
               +--------+--------+--------+--------+--------+-----+--------+

Top non-repeatable levels by time:
     D:1: 893 daAuts
     D:2: 475 daAuts
